Map: Templo óseo EE

Players

MrFercho

  • Race: Zerg Zerg
  • League: Gold
  • Spawn Location: 1:00

tigro

  • Race: Terran Terran
  • League: Bronze
  • Spawn Location: 3:00

TATORREA

  • Race: Protoss Protoss
  • League: Gold
  • Spawn Location: 12:00

iacta

  • Race: Terran Terran
  • League: Diamond
  • Spawn Location: 6:00

LifeForIre

  • Race: Protoss Protoss
  • Spawn Location: 7:00

CharAznable

  • Race: Terran Terran
  • League: Platinum
  • Spawn Location: 7:00

VOD

Have the link to the VOD?

Description

Time

  • Played on: Aug. 7, 2020, 8:51 p.m.
  • Length: 13:54
Show
View Real Time Build Order
Export as new Build Order

MrFercho Zerg 

Build Orders: Hatch First 

Get SALT Encoding   

  12  0:34  Drone  
  14  0:35  Drone  
  14  0:39  Hatchery  
  13  0:46  Overlord  
  13  0:50  Drone  
  14  1:20  Drone  
  14  1:21  Spawning Pool, Drone x2  
  16  1:35  Drone  
  17  1:45  Overlord  
  17  1:52  Extractor  
  16  1:55  Drone x2  
  18  2:08  Zergling x4  
  20  2:13  Queen  
  20  2:14  Queen  
  24  2:16  Zergling x4  
  25  2:44  Zergling x2  
  25  2:45  Drone x4  
  30  3:06  Drone x2  
  30  3:07  Drone  
  30  3:10  Zergling x4  
  35  3:36  Overlord x3  
  35  3:54  Drone x6  
  35  3:55  Drone  
  42  4:15  Drone x3  
  42  4:16  Drone x3  
  48  4:19  Extractor  
  48  4:22  Extractor  
  46  4:31  Roach Warren  
  45  4:32  Drone  
  45  4:33  Evolution Chamber, Drone  
  46  4:41  Lair, Metabolic Boost  
  46  5:12  Zergling x12  
  46  5:13  Overlord x2  
  52  5:20  Drone x3  
  52  5:21  Drone  
  54  5:40  Hatchery  
  53  5:48  Evolution Chamber  
  52  5:51  Nydus Network  
  51  6:28  Drone x4  
  51  6:29  Drone x7  
  51  6:30  Drone x4  
  66  6:53  Spore Crawler  
  65  6:55  Drone x3, Spore Crawler  
  65  6:56  Drone  
  65  6:57  Drone x3  
  65  7:00  Zerg Missile Weapons Level 1  
  71  7:02  Zerg Melee Weapons Level 1, Glial Reconstitution  
  71  7:04  Overlord x2  
  71  7:29  Drone x4  
  75  7:45  Hatchery  
  75  7:48  Hatchery  
  71  8:11  Roach x6  
  71  8:12  Roach x7  
  89  8:21  Extractor  
  89  8:25  Hydralisk Den  
  87  8:35  Drone  
  87  8:36  Drone x2  
  90  8:43  Queen  
  90  8:46  Extractor  
  90  8:47  Drone x3  
  90  8:48  Extractor  
  93  8:49  Drone  
  93  8:50  Drone x2  
  96  8:57  Roach x4  
  104  9:07  Hatchery  
  103  9:10  Zerg Missile Weapons Level 2  
  103  9:13  Zerg Melee Weapons Level 2  
  103  9:15  Hydralisk x3  
  109  9:20  Muscular Augments  
  109  9:22  Overseer  
  109  9:23  Overseer  
  109  9:37  Overlord x5  
  109  10:07  Spore Crawler  
  106  10:20  Hydralisk, Roach x9  
  106  10:21  Hydralisk x15  
  140  10:31  Grooved Spines  
  138  10:42  Roach x2  
  110  11:20  Hydralisk x13  
  110  11:24  Overlord  
  110  11:25  Overlord x3  
  126  11:40  Hydralisk x3  
  130  11:51  Overlord x2  
  130  11:52  Overlord  
  130  12:15  Drone x17  
  143  12:16  Drone  
Show
View Real Time Build Order
Export as new Build Order

tigro Terran 

Build Orders:  

Get SALT Encoding   

  12  0:16  SCV  
  13  0:24  Supply Depot  
  13  0:28  SCV  
  14  0:40  SCV  
  15  0:47  Supply Depot  
  15  0:53  Barracks  
  15  1:25  SCV  
  16  1:37  SCV  
  17  1:48  Refinery  
  17  1:49  SCV  
  18  2:01  SCV  
  18  2:07  Marine  
  20  2:14  SCV  
  21  2:25  Marine  
  19  2:42  Marine  
  20  2:58  Refinery  
  20  3:00  Marine  
  21  3:18  Marine  
  22  3:25  SCV  
  23  3:30  Command Center  
  23  3:37  SCV  
  23  3:41  Barracks Tech Lab  
  24  3:49  SCV  
  25  4:01  SCV  
  26  4:13  SCV  
  27  4:22  Combat Shield  
  27  4:24  Marine  
  27  4:29  SCV  
  29  4:42  Marine, Factory  
  29  4:43  Orbital Command  
  29  4:45  Refinery  
  30  4:46  SCV  
  31  4:58  SCV  
  32  5:00  Marine  
  33  5:10  SCV  
  34  5:18  Marine  
  35  5:22  SCV, Refinery  
  36  5:29  Engineering Bay  
  36  5:34  SCV  
  37  5:36  Marine  
  37  5:41  Stimpack  
  38  5:46  SCV  
  39  5:53  Marine  
  35  5:59  SCV  
  34  6:11  Marine  
  34  6:12  Factory Tech Lab  
  34  6:29  Marine  
  34  6:31  Terran Infantry Weapons Level 1  
  35  6:41  Barracks, SCV  
  33  6:47  Marine  
  33  6:53  SCV  
  30  7:05  Marine, SCV  
  29  7:17  SCV  
  27  7:27  Marine  
  27  7:29  SCV  
  26  7:37  SCV  
  27  7:45  Marine  
  27  7:49  SCV  
  29  7:56  Barracks Reactor  
  29  8:02  Marine, SCV  
  31  8:12  Missile Turret  
  31  8:14  SCV  
  31  8:15  Siege Tank  
  34  8:20  Marine  
  34  8:26  Terran Infantry Armor Level 1, SCV  
  35  8:38  Marine  
  36  8:44  Missile Turret  
  36  8:47  Siege Tank  
  33  9:12  Marine x3  
  25  9:29  Marine  
  25  9:30  Marine x2  
  16  9:47  Marine, SCV  
  16  9:48  Marine x2  
  18  9:59  SCV  
  18  10:05  Marine x3  
  21  10:11  SCV  
  22  10:20  Neosteel Armor  
  22  10:23  Marine x3, SCV, Missile Turret  
  26  10:35  SCV  
  26  10:41  Marine x3  
  30  10:44  Missile Turret  
  30  10:48  SCV  
  31  10:59  Marine  
  31  11:00  SCV  
  33  11:04  Marine, Missile Turret  
  33  11:05  Marine  
  35  11:12  SCV  
  35  11:17  Marine  
  37  11:22  Marine x2  
  37  11:24  Missile Turret, SCV  
  40  11:34  Marine  
  41  11:40  Marine x2  
  41  11:44  Missile Turret  
  43  11:52  Marine  
  42  11:58  Marine x2  
  42  12:00  Hi-Sec Auto Tracking  
  44  12:05  Missile Turret  
  44  12:10  Marine  
  44  12:12  Starport, SCV  
  46  12:16  SCV  
  47  12:24  SCV  
  47  12:26  Missile Turret  
  47  12:28  SCV  
  49  12:36  SCV  
  50  12:40  SCV  
  51  12:46  Armory, Missile Turret  
  51  12:49  SCV  
  51  12:50  Starport  
  52  12:52  SCV  
  53  13:01  SCV  
  53  13:04  Medivac  
  53  13:05  SCV  
  57  13:18  Missile Turret  
  57  13:21  Siege Tank  
  60  13:43  Missile Turret  
Show
View Real Time Build Order
Export as new Build Order

TATORREA Protoss 

Build Orders:  

Get SALT Encoding   

  12  0:04  Probe  
  13  0:16  Probe  
  14  0:25  Pylon  
  14  0:28  Probe  
  15  0:43  Probe  
  16  0:50  Gateway  
  16  0:55  Probe  
  17  1:03  Assimilator  
  17  1:07  Probe  
  18  1:17  Gateway  
  18  1:19  Probe (Chrono Boost)  
  19  1:29  Assimilator  
  19  1:31  Probe (Chrono Boost)  
  20  1:33  Pylon  
  20  1:38  Probe (Chrono Boost)  
  21  1:46  Cybernetics Core  
  21  1:53  Probe (Chrono Boost)  
  22  1:54  Pylon  
  22  2:05  Probe (Chrono Boost)  
  22  2:06  Gateway  
  23  2:12  Gateway  
  23  2:33  Stalker (Chrono Boost)  
  23  2:37  Warp Gate  
  27  2:42  Stalker (Chrono Boost)  
  27  3:03  Stalker  
  27  3:05  Stalker x2  
  31  3:06  Stalker  
  35  3:26  Pylon  
  35  3:43  Nexus  
  35  3:49  Probe  
  34  4:01  Probe  
  31  4:13  Probe  
  32  4:25  Probe (Chrono Boost)  
  33  4:37  Probe (Chrono Boost)  
  34  4:42  Probe (Chrono Boost)  
  35  4:50  Stalker x2  
  40  4:53  Probe (Chrono Boost)  
  40  4:56  Probe (Chrono Boost)  
  43  5:07  Probe (Chrono Boost)  
  43  5:09  Probe (Chrono Boost)  
  43  5:11  Stalker  
  43  5:12  Stalker  
  43  5:13  Probe (Chrono Boost)  
  47  5:16  Probe  
  43  6:14  Stalker  
  43  6:15  Stalker x3  
  43  6:17  Probe x2  
  53  6:29  Probe  
  53  6:30  Forge, Probe  
  53  6:31  Forge  
  55  6:56  Probe x2  
  57  7:07  Stalker x2  
  57  7:08  Protoss Ground Weapons Level 1 (Chrono Boost), Protoss Shields Level 1 (Chrono Boost), Probe  
  62  7:27  Pylon  
  62  7:34  Pylon  
  62  7:38  Pylon  
  62  7:44  Probe x2  
  62  7:50  Nexus  
  58  7:53  Pylon  
  58  7:54  Pylon  
  52  8:08  Assimilator  
  52  8:11  Stalker x3  
  52  8:12  Stalker  
  60  8:13  Assimilator  
  60  8:23  Twilight Council  
  60  8:26  Robotics Facility  
  60  8:29  Probe x2  
  60  8:31  Robotics Facility  
  62  8:41  Probe x2  
  62  8:47  Stalker x3  
  62  8:48  Stalker  
  72  8:56  Pylon  
  72  8:57  Pylon  
  72  9:00  Pylon x2  
  72  9:01  Probe x2  
  74  9:04  Probe  
  75  9:13  Probe x2  
  75  9:16  Probe, Protoss Ground Weapons Level 2 (Chrono Boost)  
  76  9:26  Protoss Shields Level 2 (Chrono Boost)  
  76  9:29  Stalker x3  
  76  9:30  Stalker  
  78  9:40  Immortal (Chrono Boost)  
  78  9:43  Observer (Chrono Boost)  
  82  9:57  Immortal (Chrono Boost)  
  86  10:04  Immortal (Chrono Boost)  
  84  10:45  Probe  
  84  10:46  Probe  
  86  10:58  Probe  
  59  11:10  Stalker x3  
  59  11:11  Stalker  
  63  11:41  Nexus  
  63  11:42  Stalker x4  
  71  11:53  Probe x2  
  73  12:05  Probe  
  74  12:13  Probe  
  75  12:17  Probe  
  76  12:25  Probe  
  76  12:29  Probe  
  78  12:37  Probe  
  78  12:40  Stalker  
  78  12:41  Stalker x3  
  78  12:42  Probe  
  88  12:49  Probe  
  89  12:54  Probe  
  90  13:02  Probe  
  91  13:06  Probe  
  91  13:09  Gateway  
  91  13:10  Gateway  
  91  13:11  Stalker  
  94  13:13  Stalker  
  94  13:17  Stalker  
  98  13:22  Stalker  
  100  13:31  Assimilator, Probe x2  
  100  13:32  Probe  
  103  13:35  Assimilator  
  106  13:53  Templar Archives  
Show
View Real Time Build Order
Export as new Build Order

iacta Terran 

Build Orders:  

Get SALT Encoding   

  12  0:00  SCV  
  13  0:14  SCV  
  14  0:23  Supply Depot  
  14  0:26  SCV  
  15  0:45  SCV  
  16  0:52  Barracks  
  16  0:57  SCV  
  16  0:58  Refinery  
  17  1:11  Barracks  
  17  1:24  SCV  
  19  1:40  Orbital Command  
  18  1:47  Barracks  
  18  1:52  Marine  
  19  2:01  Barracks Reactor  
  19  2:07  Supply Depot  
  19  2:09  SCV  
  19  2:10  Marine  
  21  2:27  Marine, Factory  
  21  2:29  SCV  
  23  2:31  Refinery  
  23  2:42  Marine x2  
  25  2:45  Marine  
  25  2:47  Engineering Bay, SCV  
  25  2:49  Marine  
  28  2:59  SCV  
  28  3:01  Marine x2  
  31  3:21  Barracks Tech Lab  
  31  3:25  Supply Depot  
  31  3:28  Missile Turret  
  31  3:47  SCV  
  33  3:59  SCV  
  28  4:11  SCV  
  28  4:14  Hellion x2  
  28  4:16  Barracks Tech Lab  
  33  4:18  Starport  
  33  4:23  SCV  
  34  4:24  Supply Depot  
  34  4:28  Command Center  
  34  4:38  SCV  
  35  4:50  Hellion x2, SCV  
  35  4:52  Barracks Tech Lab  
  40  5:00  Armory  
  40  5:03  SCV  
  40  5:04  Fusion Core  
  41  5:10  Barracks Tech Lab  
  41  5:13  Barracks Reactor  
  41  5:15  SCV  
  41  5:17  Banshee  
  45  5:28  SCV  
  42  5:34  Marauder  
  42  5:35  Marauder  
  45  5:40  Orbital Command  
  45  5:43  SCV  
  46  5:55  SCV  
  47  5:57  Marauder  
  47  5:58  Marauder, Marine x2  
  49  6:07  SCV  
  48  6:13  Terran Vehicle And Ship Armor Level 1  
  48  6:20  Battlecruiser  
  54  6:26  SCV  
  54  6:30  SCV  
  56  6:38  SCV  
  57  6:42  SCV  
  57  6:44  Marine  
  57  6:45  Marine  
  57  6:46  Marauder  
  62  6:51  Supply Depot x2  
  62  7:11  Command Center  
  62  7:12  Marauder, SCV  
  65  7:33  SCV x2  
  65  7:34  Battlecruiser  
  73  7:45  SCV  
  73  7:48  Marine  
  73  7:49  Marauder  
  78  7:55  Supply Depot  
  78  7:57  Marauder, Supply Depot  
  79  8:03  Marine  
  80  8:08  Starport  
  80  8:11  Hellion  
  79  8:43  Stimpack  
  79  8:45  SCV x2  
  79  8:47  Orbital Command  
  81  8:57  SCV  
  82  9:13  SCV  
  82  9:14  SCV x2  
  85  9:25  SCV  
  85  9:29  Marine x3  
  85  9:30  Marauder  
  91  9:35  SCV x2  
  93  9:42  Command Center  
  93  9:59  Marauder x2  
  97  10:23  Concussive Shells  
  91  10:31  Marine x2  
  91  10:33  Starport Reactor  
  91  10:34  Combat Shield  
  93  10:36  SCV  
  93  10:37  SCV  
  93  10:39  Refinery  
  93  10:40  Refinery  
  93  10:42  Widow Mine x2  
  99  10:45  Factory  
  99  10:47  Supply Depot  
  99  10:50  Supply Depot  
  99  10:51  Supply Depot  
  99  10:52  Supply Depot, Weapon Refit  
  99  10:53  Supply Depot  
  99  10:54  Terran Vehicle Weapons Level 1  
  99  10:55  Terran Infantry Weapons Level 1  
  99  11:00  SCV x3  
  99  11:01  Armory, SCV  
  99  11:02  Engineering Bay  
  99  11:03  Refinery  
  103  11:04  Refinery  
  103  11:06  Widow Mine x2  
  107  11:12  SCV  
  105  11:21  Marine x2  
  93  11:38  Medivac x2  
  95  11:52  SCV  
  95  11:53  Marine x3, SCV  
  102  11:54  Marauder  
  102  12:02  SCV x2  
  102  12:05  SCV x2  
  106  12:11  Marauder  
  106  12:14  SCV  
  106  12:15  Orbital Command  
  109  12:17  Refinery x2, SCV  
  110  12:23  Marauder, Marine x2  
  110  12:25  Medivac x2  
  110  12:28  Command Center  
  118  12:33  Marauder  
  120  12:41  Marine x2  
  120  12:45  Medivac  
  120  12:54  Medivac  
  107  13:12  SCV x2  
  90  13:23  Command Center  
  90  13:24  SCV x2  
  92  13:29  Factory Tech Lab  
  96  13:36  SCV x2  
Show
View Real Time Build Order
Export as new Build Order

LifeForIre Protoss 

Build Orders: Carriers 

Get SALT Encoding   

  12  0:02  Probe  
  13  0:16  Probe  
  14  0:22  Pylon  
  14  0:28  Probe  
  15  0:42  Forge  
  15  0:44  Probe  
  16  0:56  Probe  
  17  1:08  Pylon  
  17  1:44  Probe  
  17  1:46  Assimilator  
  18  1:50  Gateway  
  18  1:56  Probe  
  18  1:57  Pylon  
  18  2:00  Photon Cannon  
  19  2:03  Photon Cannon  
  19  2:08  Probe  
  19  2:20  Probe  
  20  2:23  Assimilator  
  20  2:32  Probe  
  21  2:40  Nexus, Cybernetics Core  
  21  2:46  Probe  
  21  3:20  Probe (Chrono Boost), Stargate  
  22  3:31  Probe (Chrono Boost)  
  22  3:33  Pylon  
  23  3:36  Pylon  
  23  3:40  Assimilator  
  23  3:44  Pylon  
  23  3:51  Probe (Chrono Boost)  
  24  4:01  Probe x2 (Chrono Boost)  
  26  4:06  Probe (Chrono Boost)  
  26  4:08  Protoss Air Weapons Level 1, Probe  
  28  4:12  Pylon  
  28  4:18  Phoenix (Chrono Boost)  
  28  4:20  Probe x2  
  32  4:32  Probe (Chrono Boost)  
  33  4:41  Phoenix (Chrono Boost)  
  33  4:43  Probe x2 (Chrono Boost)  
  37  4:51  Probe x2 (Chrono Boost)  
  39  4:52  Assimilator  
  39  4:56  Probe (Chrono Boost)  
  39  4:58  Phoenix, Probe  
  43  5:10  Probe  
  43  5:12  Fleet Beacon  
  44  5:14  Pylon  
  44  5:23  Stargate  
  44  5:24  Probe (Chrono Boost)  
  47  5:35  Probe (Chrono Boost)  
  47  5:36  Probe (Chrono Boost)  
  47  5:41  Probe (Chrono Boost)  
  47  5:42  Probe (Chrono Boost)  
  49  5:51  Probe  
  50  6:00  Carrier (Chrono Boost), Probe  
  50  6:03  Probe  
  56  6:06  Carrier (Chrono Boost)  
  62  6:24  Probe x2  
  64  6:30  Forge  
  64  6:36  Cybernetics Core  
  63  6:44  Protoss Air Armor Level 1 (Chrono Boost)  
  63  6:57  Carrier  
  69  7:34  Nexus  
  69  7:35  Pylon  
  69  7:39  Protoss Air Weapons Level 2 (Chrono Boost)  
  69  7:42  Nexus  
  68  7:53  Assimilator  
  68  7:55  Assimilator  
  74  7:58  Carrier (Chrono Boost)  
  74  8:03  Carrier (Chrono Boost)  
  80  8:15  Photon Cannon  
  80  8:17  Photon Cannon, Pylon  
  80  8:19  Photon Cannon  
  80  8:23  Pylon  
  80  8:27  Probe x2  
  82  8:39  Probe x2  
  84  8:49  Probe  
  84  8:52  Protoss Air Armor Level 2 (Chrono Boost)  
  84  8:54  Probe  
  86  8:56  Carrier  
  86  9:01  Assimilator, Probe  
  93  9:06  Probe (Chrono Boost)  
  93  9:07  Carrier  
  101  9:18  Probe x2 (Chrono Boost)  
  102  9:27  Probe (Chrono Boost)  
  102  9:28  Probe (Chrono Boost)  
  102  9:29  Probe (Chrono Boost)  
  102  9:30  Probe (Chrono Boost)  
  106  9:33  Probe  
  106  9:35  Assimilator  
  106  9:38  Probe  
  108  9:40  Probe x2  
  108  9:45  Probe  
  111  9:51  Carrier  
  111  9:57  Probe  
  111  9:59  Probe  
  113  10:00  Probe  
  113  10:04  Protoss Air Weapons Level 3 (Chrono Boost)  
  120  10:09  Probe  
  127  10:25  Carrier (Chrono Boost)  
  127  10:27  Pylon  
  127  10:28  Pylon  
  127  10:30  Pylon  
  127  10:33  Pylon  
  127  10:35  Probe x2, Stargate  
  129  10:37  Stargate  
  129  10:40  Stargate  
  129  11:00  Tempest (Chrono Boost)  
  129  11:12  Probe x2  
  129  11:13  Probe x2  
  133  11:19  Photon Cannon  
  133  11:20  Carrier (Chrono Boost)  
  133  11:21  Carrier x2 (Chrono Boost)  
  133  11:23  Photon Cannon  
  133  11:24  Probe  
  152  11:25  Pylon  
  158  11:35  Carrier (Chrono Boost)  
  158  11:38  Carrier (Chrono Boost)  
  164  11:43  Probe (Chrono Boost)  
  165  11:50  Pylon  
  166  11:54  Probe (Chrono Boost)  
  166  11:59  Probe (Chrono Boost)  
  167  12:05  Probe  
  168  12:10  Probe  
  169  12:22  Pylon  
  169  12:29  Nexus  
  169  12:31  Pylon  
  169  12:34  Assimilator  
  169  12:38  Assimilator  
  169  12:41  Pylon  
  169  12:49  Carrier x2  
  169  12:50  Carrier  
  187  12:52  Pylon  
  193  13:02  Pylon  
  191  13:14  Pylon  
  191  13:16  Pylon  
  191  13:18  Pylon  
  191  13:29  Pylon  
  191  13:30  Pylon  
Show
View Real Time Build Order
Export as new Build Order

CharAznable Terran 

Build Orders: Cyclone Opening, Mech 

Get SALT Encoding   

  12  0:00  SCV  
  13  0:14  SCV  
  14  0:20  Supply Depot  
  14  0:26  SCV  
  15  0:30  Refinery  
  15  0:41  SCV  
  16  0:45  Barracks  
  16  0:54  Refinery  
  16  0:55  SCV  
  17  1:07  SCV  
  18  1:19  SCV  
  19  1:33  Factory  
  19  1:35  Barracks Reactor  
  19  1:36  Orbital Command  
  19  1:55  Supply Depot  
  19  2:04  SCV  
  20  2:12  Marine x2  
  22  2:18  Supply Depot  
  22  2:27  Factory Tech Lab  
  22  2:30  SCV  
  23  2:41  Marine x2  
  23  2:42  SCV  
  26  2:46  Supply Depot  
  26  2:53  Mag-Field Accelerator, Cyclone  
  26  2:54  SCV  
  30  3:04  Marine x2  
  32  3:06  SCV  
  33  3:18  SCV  
  34  3:22  Marine x2  
  36  3:31  Command Center  
  36  3:43  SCV  
  36  3:46  Factory  
  37  3:50  Cyclone  
  40  3:55  SCV  
  41  4:08  Supply Depot, SCV  
  42  4:18  Armory  
  42  4:20  SCV  
  43  4:24  Supply Depot  
  43  4:32  SCV  
  44  4:38  Cyclone  
  44  4:41  Infernal Pre-Igniter  
  44  4:44  SCV  
  49  4:48  Orbital Command  
  48  4:59  Hellion x2  
  52  5:01  SCV  
  52  5:05  Terran Vehicle Weapons Level 1  
  53  5:13  SCV  
  54  5:16  Engineering Bay, SCV  
  55  5:25  SCV  
  55  5:26  Hellion x2  
  60  5:33  Cyclone  
  63  5:41  SCV  
  64  5:43  Supply Depot  
  64  5:59  Hellion  
  64  6:00  Hellion  
  64  6:03  SCV x2  
  70  6:06  Refinery  
  70  6:07  Refinery  
  70  6:08  Command Center  
  67  6:12  Siege Tank  
  70  6:26  Hellion x2  
  70  6:31  Supply Depot  
  74  6:33  SCV  
  74  6:36  Factory  
  75  6:44  Cyclone  
  78  6:52  Supply Depot  
  78  6:53  Hellion x2  
  82  6:56  Supply Depot x2  
  82  7:04  Marine  
  83  7:17  Hellion x2  
  83  7:18  Cyclone  
  83  7:19  Terran Vehicle Weapons Level 2  
  83  7:21  Factory Tech Lab  
  90  7:25  Factory, SCV x2  
  92  7:38  SCV  
  93  7:48  Cyclone  
  93  7:49  Hellion x2  
  100  7:56  Cyclone  
  100  7:57  SCV  
  104  8:10  Planetary Fortress  
  104  8:15  SCV x2  
  104  8:17  Factory Tech Lab  
  104  8:18  Factory  
  106  8:21  Marine  
  107  8:34  Hellion  
  107  8:35  Hellion  
  107  8:36  Cyclone x2  
  107  8:37  Cyclone  
  107  8:39  Marine, SCV  
  122  8:44  Supply Depot  
  122  8:54  SCV x2  
  124  8:57  Marine  
  124  8:59  Supply Depot  
  124  9:02  Supply Depot x2  
  125  9:03  Supply Depot, Factory Reactor  
  125  9:04  Factory  
  125  9:17  Factory x2  
  121  9:33  Cyclone x3  
  121  9:34  Hellion  
  132  9:44  Hellion x3  
  139  9:45  SCV  
  139  9:54  Factory Tech Lab  
  139  10:00  SCV x2  
  139  10:04  Factory Tech Lab x2  
  139  10:05  Cyclone x2  
  147  10:13  Supply Depot  
  145  10:14  Supply Depot, Armory  
  145  10:15  Supply Depot  
  140  10:31  Cyclone x2  
  140  10:32  Cyclone x2  
  140  10:35  Hellion x3  
  160  10:36  Hellion  
  160  10:38  Terran Vehicle And Ship Armor Level 1  
  160  10:45  Supply Depot, SCV  
  160  10:46  Supply Depot  
  160  10:49  Cyclone  
  152  11:10  Siege Tank x4  
  152  11:19  Siege Tank  
  152  11:21  Hellion x3  
  152  11:22  SCV  
  162  11:35  Siege Tank  
  162  11:38  Refinery  
  162  11:39  Refinery  
  165  11:45  SCV x2  
  167  11:50  Siege Tank x2  
  173  12:06  Siege Tank  
  176  12:14  Command Center  
  175  12:26  Siege Tank  
  178  12:47  Missile Turret  
  178  13:10  Siege Tank x3  
  178  13:11  Siege Tank x2  
  193  13:21  Siege Tank  
Tags
 
Add a new tag
Caveats
  • Supply blocks, unpowered buildings, or Contaminate may cause inaccurate times.
  • Supply counts are checked every 10 seconds.